 Dungeon Crawl Stone Soup version 0.17.0-56-gd8de76c (webtiles) character file.

177 Gargoyl the Skirmisher (level 5, -2/42 HPs)
             Began as a Demonspawn Abyssal Knight on Dec 5, 2015.
             Was a Priest of Lugonu.
             Slain by a gnoll
             ... wielding a +0 spear
              (7 damage)
             ... on level 3 of the Dungeon.
             The game lasted 00:08:14 (4032 turns).

Gargoyl the Skirmisher (Demonspawn Abyssal Knight)  Turns: 4032, Time: 00:08:15

Health: -2/42      AC: 12    Str: 13    XL:     5   Next: 30%
Magic:  7/7        EV:  6    Int: 19    God:    Lugonu [***...]
Gold:   156        SH:  0    Dex: 12    Spells: 0 memorised, 4 levels left

rFire  . . .     SeeInvis .     a - +1 hand axe
rCold  . . .     Clarity  .     k - +0 chain mail (curse)
rNeg   . . .     SustAt   .     (no shield)
rPois  .         Gourm    .     (no helmet)
rElec  .         Spirit   .     (no cloak)
rCorr  .         Warding  .     (no gloves)
rMut   .         Stasis   .     q - +0 pair of boots
MR     .....                    (no amulet)
Stlth  ..........               (no ring)
                                l - ring of stealth

@: brilliant, not resistant to hostile enchantments, extremely unstealthy
A: talons 1, yellow scales 1, demonic guardian 1
a: Depart the Abyss, Bend Space, Banish, Renounce Religion


You were on level 3 of the Dungeon.
You worshipped Lugonu.
Lugonu was most pleased with you.
You were not hungry.

You visited 1 branch of the dungeon, and saw 3 of its levels.
You visited the Abyss 1 time.

You collected 156 gold pieces.

Inventory:

Hand Weapons
 a - a +1 hand axe (weapon)
Missiles
 r - 6 tomahawks (quivered)
Armour
 k - a cursed +0 chain mail (worn)
 o - a +0 plate armour
 q - a +0 pair of boots (worn)
Jewellery
 l - a ring of stealth (left hand)
 m - a +2 ring of strength {unknown}
Scrolls
 d - a scroll of fear
 f - 3 scrolls of identify
 i - a scroll of teleportation
 s - 2 scrolls of fog
Potions
 b - a potion of resistance {unknown}
 c - a potion of lignification {unknown}
 e - a potion of flight {unknown}
 g - a potion of degeneration {unknown}
 t - a potion of brilliance
 u - 2 potions of heal wounds {unknown}
 w - a potion of magic {unknown}
Comestibles
 h - 4 fruits
 j - 2 royal jellies
 n - 3 meat rations
 v - a slice of pizza


   Skills:
 + Level 3.9 Fighting
 + Level 2.9 Axes
 + Level 3.1 Armour
 + Level 1.8 Dodging
 + Level 0.2 Stealth
 + Level 2.9 Invocations


You had 4 spell levels left.
You didn't know any spells.

Dungeon Overview and Level Annotations

Branches:
Dungeon (3/15)

Altars:
Ashenzari
Gozag
Ru
Xom
Zin

Shops:
D:2 *


Innate Abilities, Weirdness & Mutations

You have sharp toenails.
You are partially covered in yellow scales (AC +2).
A weak demonic guardian rushes to your aid.


Message History

You hit the gnoll.
The gnoll is heavily wounded.
The orc barely misses you.
The gnoll hits you from afar with a spear.
* * * LOW HITPOINT WARNING * * *
The gnoll barely misses you.
Drink which item? (? for menu, Esc to quit)
It was a potion of brilliance.
You feel clever all of a sudden. The gnoll hits you but does no damage.
The orc hits you but does no damage. The gnoll hits you with a spear!
* * * LOW HITPOINT WARNING * * *
Drink which item? (? for menu, Esc to quit)
You feel better.
The gnoll hits you from afar with a spear.
* * * LOW HITPOINT WARNING * * *
The orc hits you with a falchion.
* * * LOW HITPOINT WARNING * * *
The gnoll hits you with a spear!
You die...

*#.#..........##.#.###########
#.#.####.....##.#.<..........
#.#.# ##....##.#############
#.#.# ###...#....# # #.#.#
###.....###,* # #.#.##
#.....>...#,# #
#....###.#.....#.#.# #
#.###.##.##..g##.#.# ##### #.#
#.......@o.....### #....
#.###.##....)........# #.###
##...###..##g.#..###.# #.#
##.## #.........# #.# #.# #.#
##.####.#####.####.# #.# #.#
#.............# #.# #.#
#..#####.###### #.# #.# #..#
#.# #.# #.###..# #.#


You could see 2 gnolls and an orc.

Vanquished Creatures
  An orc wizard (D:3)
  A gnoll (D:3)
  4 adders
  An ooze (D:3)
  7 worms
  4 giant geckos
  3 orcs (D:3)
  8 bats
  3 giant cockroaches
  9 hobgoblins
  9 kobolds
  2 quokkas
  9 giant newts
  6 goblins
  5 jackals
  8 rats
80 creatures vanquished.

Notes
Turn   | Place    | Note
--------------------------------------------------------------
     0 | Abyss:1  | Gargoyl the Demonspawn Abyssal Knight began the quest for the Orb.
     0 | Abyss:1  | Reached XP level 1. HP: 18/18 MP: 2/2
    90 | Abyss:1  | Noticed an orange demon
    91 | D:1      | Escaped the Abyss
   330 | D:1      | Reached * piety under Lugonu
   330 | D:1      | Gained mutation: You have sharp toenails. [demonic ancestry]
   330 | D:1      | Reached XP level 2. HP: 21/24 MP: 3/3
   500 | D:1      | Reached skill level 1 in Dodging
  1224 | D:2      | Reached XP level 3. HP: 24/29 MP: 5/5
  1287 | D:2      | Reached ** piety under Lugonu
  2179 | D:2      | Gained mutation: You are partially covered in yellow scales (AC +2). [demonic ancestry]
  2179 | D:2      | Reached XP level 4. HP: 27/35 MP: 6/6
  2331 | D:2      | Found an opulent altar of Gozag.
  2333 | D:2      | Found Gozag's Platinum Reserve.
  2877 | D:3      | Reached *** piety under Lugonu
  2966 | D:3      | Found a shattered altar of Ashenzari.
  3393 | D:3      | Gained mutation: A weak demonic guardian rushes to your aid. [demonic ancestry]
  3393 | D:3      | Reached XP level 5. HP: 13/42 MP: 7/7
  3657 | D:3      | Found a glowing silver altar of Zin.
  3889 | D:3      | Found a shimmering altar of Xom.
  3996 | D:3      | Found a sacrificial altar of Ru.
  4032 | D:3      | Slain by a gnoll

Action                   |  1- 3 |  4- 6 || total
-------------------------+-------+-------++-------
Melee: Hand axe          |   192 |   145 ||   337
Invok: Depart the Abyss  |     1 |       ||     1
  Use: Scroll            |       |     7 ||     7
       Potion            |       |     3 ||     3
  Eat: Bread ration      |     1 |     2 ||     3
